 Dungeon Crawl Stone Soup version 0.28-a0-1555-g9ae15a6949 (webtiles) character file.

Game seed: 14554635679687981729

27743 issech the Basher (level 13, -1/127 HPs)
             Began as a Troll Fighter on Jan 19, 2022.
             Was an Initiate of Ashenzari.
             Killed from afar by a deep elf zephyrmancer (15 damage)
             ... with a bolt of lightning
             ... on level 1 of the Elven Halls.
             The game lasted 01:50:56 (14635 turns).

issech the Basher (Troll Fighter)                  Turns: 14635, Time: 01:50:57

Health: -1/127     AC: 15    Str: 27    XL:     13   Next: 6%
Magic:  12/12      EV: 12    Int: 10    God:    Ashenzari [......]
Gold:   1118       SH: 21    Dex: 16    Spells: 12/12 levels left

rFire   . . .      SeeInvis .   a - +5 flail (vorpal)
rCold   + . .      Faith    .   P - +5 kite shield of Foolhardiness {rPois Dex+3}
rNeg    . . .      Spirit   .   b - +1 swamp dragon scales
rPois   +          Reflect  +   (helmet restricted)
rElec   .          Harm     .   m - +0 cloak {rPois}
rCorr   .          Rampage  .   (gloves unavailable)
Will    .....                   (boots unavailable)
Stlth   +.........              Z - amulet of reflection
HPRegen 1.11/turn               z - +6 ring of intelligence
MPRegen 0.13/turn               v - ring of protection from cold

@: no status effects
A: large, unfitting armour, claws 3, regeneration 1, shaggy fur 2, tough skin 1,
iridescent scales 1, subdued magic 1, MP-powered wands
a: Renounce Religion, Curse Item


You were on level 1 of the Elven Halls.
You worshipped Ashenzari.
Ashenzari was noncommittal.
You visited 4 branches of the dungeon, and saw 14 of its levels.
You also visited: Sewer and Ossuary.

You collected 1263 gold pieces.
You spent 145 gold pieces at shops.

Inventory:

Hand Weapons
 a - a +5 vorpal flail (weapon)
 j - a +2 flail of protection
 o - a +0 mace of holy wrath
 s - a +0 hand crossbow
 O - a +4 short sword of speed
Missiles
 h - 362 stones
 F - 34 poisoned darts
 G - 2 curare-tipped darts
 I - 111 bolts
 T - 18 large rocks (quivered)
 V - 2 boomerangs of dispersal
 W - 3 throwing nets
Armour
 b - +1 swamp dragon scales (worn)
 c - a +2 kite shield
 e - a +0 troll leather armour
 g - a +2 robe of willpower
 k - a +2 robe of positive energy
 m - a +0 cloak of poison resistance (worn)
 C - the +0 robe "Daloogg" {rPois rF+ Int-2}
   (You found it on level 6 of the Dungeon)

   Int:       It affects your intelligence (-2).
   rF:        It protects you from fire.
   rPois:     It protects you from poison.
 P - the +5 kite shield of Foolhardiness (worn) {rPois Dex+3}
   (You acquired it on level 1 of the Orcish Mines)

   Dex:       It affects your dexterity (+3).
   rPois:     It protects you from poison.
 R - a +0 troll leather armour
Magical Staves
 t - a staff of fire
 Y - a staff of air
Jewellery
 v - a ring of protection from cold (right claw)
 y - the amulet "Lyunkir" {Acrobat rCorr}
   (You acquired it on level 6 of the Dungeon)

   [amulet of the acrobat]

   It increases your evasion while moving and waiting.
   rCorr:     It protects you from acid and corrosion.
 z - a +6 ring of intelligence (left claw)
 Z - an amulet of reflection (around neck)
Wands
 r - a wand of digging (4)
 D - a wand of acid (10)
 E - a wand of polymorph (9)
 J - a wand of charming (15)
 L - a wand of mindburst (3)
 M - a wand of paralysis (7)
Scrolls
 l - 3 scrolls of amnesia
 n - a scroll of blinking
 p - a scroll of silence
 q - a scroll of fog
 u - 3 scrolls of identify
 H - 7 scrolls of teleportation
 Q - a scroll of brand weapon
 U - 2 scrolls of summoning
 X - 2 scrolls of immolation
Potions
 d - 2 potions of might
 f - 4 potions of brilliance
 i - 6 potions of curing
 w - a potion of berserk rage
 x - 2 potions of heal wounds
 A - 2 potions of ambrosia
 B - 3 potions of attraction
 K - 4 potions of lignification
 N - 2 potions of resistance
 S - a potion of flight


   Skills:
 + Level 7.9 Fighting
 + Level 11.7 Maces & Flails
 + Level 2.1 Throwing
 + Level 5.4 Armour
 + Level 8.3 Dodging
 + Level 2.1 Stealth
 + Level 9.6 Shields


You had 12 spell levels left.
You didn't know any spells.
Your spell library contained the following spells:

 Spells                   Type           Power      Damage    Failure   Level
 Animate Skeleton         Necr           0%         N/A       67%         1
 Apportation              Tloc           0%         N/A       67%         1
 Magic Dart               Conj           0%         1d3       67%         1
 Pain                     Necr           0%         1d4       67%         1
 Summon Small Mammal      Summ           0%         N/A       67%         1
 Call Imp                 Summ           0%         N/A       80%         2
 Call Canine Familiar     Summ           0%         N/A       96%         3
 Gell's Gravitas          Tloc           0%         N/A       96%         3
 Lesser Beckoning         Tloc           0%         N/A       96%         3
 Mephitic Cloud           Conj/Pois/Air  0%         N/A       96%         3
 Summon Guardian Golem    Hex/Summ       0%         N/A       96%         3
 Teleport Other           Tloc           0%         N/A       96%         3
 Vampiric Draining        Necr           0%         2d6       96%         3
 Alistair's Intoxication  Tmut/Pois      0%         N/A       100%        5
 Borgnjor's Vile Clutch   Necr/Erth      0%         N/A       100%        5
 Eringya's Noxious Bog    Tmut/Pois      0%         N/A       100%        6
 Orb of Destruction       Conj           0%         9d5       100%        7
 Spellforged Servitor     Conj/Summ      0%         N/A       100%        7


Dungeon Overview and Level Annotations

Branches:
Dungeon (10/15)            Temple (1/1) D:5            Lair (0/6) D:10
    Orc (2/2) D:10            Elf (1/3) Orc:2         Sewer (visited)
Ossuary (visited)

Altars:
Ashenzari
Cheibriados
Dithmenos
Elyvilon
Fedhas
Gozag
Hepliaklqana
Kikubaaqudgha
Makhleb
Nemelex Xobeh
Okawaru
Qazlal
Ru
Sif Muna
Trog
Uskayaw
Vehumet
Wu Jian
Xom
Yredelemnul
Zin
The Shining One

Shops:
D:1 *   D:3 (   D:6 :   Orc:2 (([*?


Innate Abilities, Weirdness & Mutations

You are too large for most types of armour.
You have claws for hands.
Your natural rate of healing is unusually fast.
You are covered in thick fur. (AC +2)
You have tough skin. (AC +1)
You are partially covered in iridescent scales. (AC +2)
Your spells are a little easier to cast, but a little less powerful.
You expend magic power (3 MP) to strengthen your wands.


Message History

You sock the deep elf pyromancer!
You kill the deep elf pyromancer!
The fire elemental disappears in a puff of smoke!
You are covered in liquid flames!
You block the fire elemental's attack.
You closely miss the fire elemental.
You are covered in liquid flames!
The deep elf pyromancer is engulfed in blazing flames.
You block the fire elemental's attack.
You sock the fire elemental!
The fire elemental is heavily damaged.
You are covered in liquid flames!
You block the fire elemental's attack.
The deep elf zephyrmancer casts a spell at you.
The bolt of lightning hits the fire elemental!
The fire elemental resists.
The bolt of lightning hits you!!
The deep elf pyromancer is engulfed in blazing flames.
You hit the fire elemental.
The fire elemental is severely damaged.
You are covered in liquid flames!
The deep elf zephyrmancer gestures wildly while chanting.
The deep elf zephyrmancer blinks!
You block the fire elemental's attack.
The deep elf pyromancer is engulfed in blazing flames.
The deep elf pyromancer points at you and mumbles some strange words.
The bolt of fire hits the fire elemental.
The fire elemental completely resists.
The bolt of fire hits you!!
* * * LOW HITPOINT WARNING * * *
You are covered in liquid flames!
* * * LOW HITPOINT WARNING * * *
The deep elf pyromancer is engulfed in blazing flames.
The deep elf pyromancer dies!
The fire elemental disappears in a puff of smoke! x2
The deep elf zephyrmancer casts a spell at you.
The bolt of lightning hits you!
* * * LOW HITPOINT WARNING * * *
Things that are here:
a +4 dagger; an elf corpse The deep elf zephyrmancer points at you and mumbles some strange words.
The bolt of lightning hits you!
You die...

#... ####...
.......
.......
......e
.....8○
####.§○######
......)○.§)@#
####.e.######
.....8☼
....(Ee
....○..
....°..
####... #...


You could see a deep elf zephyrmancer.

Vanquished Creatures
  Harold (D:7)
  3 ogre magi (Orc:2)
  The ghost of Xurishoi the Basher, a novice TrFi of the Shining One (Orc:1)
  8 two-headed ogres
  2 deep trolls
  Pikel (D:5)
  2 deep elf pyromancers (Elf:1)
  A deep elf zephyrmancer (Orc:2)
  2 orc sorcerers
  2 cyclopes (Orc:2)
  Maurice (D:10)
  Maggie (D:8)
  2 kobold demonologists (D:8)
  A yaktaur (shapeshifter) (D:10)
  10 trolls
  A hornet (D:7)
  A water elemental (Orc:2)
  Sigmund (D:4)
  A wyvern (D:8)
  2 vampires
  A wraith (Ossuary)
  20 yaks
  2 wargs (Orc:1)
  3 acid dragons
  A water moccasin (D:7)
  A hornet zombie (D:8)
  A black bear (D:5)
  17 orc warriors
  4 sky beasts
  28 ogres
  2 centaurs
  3 lemures
  A wyvern zombie (D:5)
  7 kobold brigands
  5 bullfrogs
  2 gnoll sergeants (D:10)
  5 scorpions
  A water moccasin zombie (D:5)
  4 killer bees (D:8)
  2 electric eels (D:7)
  3 centaur zombies
  A jelly (D:6)
  8 orc priests
  Crazy Yiuf (D:4)
  3 hounds
  3 iguanas
  A centaur skeleton (D:6)
  A gnoll shaman (Orc:1)
  12 orc wizards
  3 killer bee zombies
  3 mummies (Ossuary)
  8 gnolls
  5 river rats (Sewer)
  22 adders
  2 white imps
  2 worms
  2 dart slugs
  41 orcs
  4 endoplasms
  3 giant cockroaches (D:2)
  4 goblins
  5 hobgoblins
  7 jackals
  11 kobolds
  3 quokkas
  20 ball pythons
  5 bats
  4 frilled lizards
  A goblin zombie (Ossuary)
  4 hobgoblin zombies (Ossuary)
  3 kobold zombies (Ossuary)
  An orc zombie (Ossuary)
  35 rats
385 creatures vanquished.

Vanquished Creatures (others)
  A deep elf pyromancer (Elf:1)
  A kobold brigand (D:10)
  2 orcs (Orc:2)
4 creatures vanquished.

Grand Total: 389 creatures vanquished

Notes
Turn   | Place    | Note
-------+----------+-------------------------------------------
     0 | D:1      | issech the Troll Fighter began the quest for the Orb.
     0 | D:1      | Reached XP level 1. HP: 22/22 MP: 0/0
   259 | D:1      | Reached XP level 2. HP: 27/29 MP: 1/1
   736 | D:1      | Reached skill level 2 in Maces & Flails
   785 | D:1      | Found Zitzexaz's Assorted Antiques.
  1107 | D:2      | HP: 1/29 [poisoned by an adder]
  1158 | D:1      | Reached XP level 3. HP: 36/36 MP: 2/2
  2045 | D:4      | Reached XP level 4. HP: 26/44 MP: 3/3
  2126 | D:4      | Found a sand-covered staircase.
  2130 | Ossuary  | Entered an ossuary
  2130 | Ossuary  | Noticed a wraith
  2130 | Ossuary  | Noticed a wraith
  2130 | Ossuary  | Noticed a wraith
  2346 | Ossuary  | Noticed a wraith
  2358 | Ossuary  | Killed a wraith
  2359 | Ossuary  | Reached skill level 3 in Maces & Flails
  2359 | Ossuary  | Reached XP level 5. HP: 9/53 MP: 4/4
  2359 | Ossuary  | Reached XP level 6. HP: 10/61 MP: 5/5
  2676 | D:4      | Found a runed translucent door.
  2677 | D:4      | Noticed Crazy Yiuf
  3001 | D:4      | Reached skill level 4 in Maces & Flails
  3143 | D:4      | Noticed Sigmund
  3253 | D:3      | Found Uxtanur's Antique Weapon Shoppe.
  3534 | D:3      | Found a faded altar of an unknown god.
  3584 | D:3      | Found a blossoming altar of Fedhas.
  4069 | D:4      | Killed Sigmund
  4070 | D:4      | Reached XP level 7. HP: 28/67 MP: 6/6
  4256 | D:4      | Killed Crazy Yiuf
  4257 | D:4      | Reached skill level 1 in Stealth
  4308 | D:5      | Entered Level 5 of the Dungeon
  4342 | D:5      | Reached skill level 5 in Maces & Flails
  4476 | D:5      | Found a staircase to the Ecumenical Temple.
  4518 | D:5      | Reached XP level 8. HP: 67/78 MP: 7/7
  4543 | Temple   | Entered the Ecumenical Temple
  4839 | Temple   | Became a worshipper of Ashenzari the Shackled
  4885 | D:5      | Reached skill level 6 in Maces & Flails
  5446 | D:6      | Found a glowing drain.
  5490 | Sewer    | Entered a sewer
  6009 | D:6      | Identified a scroll of acquirement
  6009 | D:6      | Acquired the amulet "Lyunkir" {Acrobat rCorr}
  6150 | D:6      | Identified the +0 robe "Daloogg" {rPois rF+ Int-2}
  6185 | D:6      | Reached skill level 5 in Dodging
  6228 | D:6      | Reached XP level 9. HP: 41/85 MP: 8/8
  6457 | D:6      | Reached skill level 7 in Maces & Flails
  6591 | D:6      | Found Menytt's Self-Improvement Boutique.
  6989 | D:7      | Reached skill level 5 in Shields
  7029 | D:7      | Noticed Harold
  7043 | D:7      | Killed Harold
  7044 | D:7      | Reached skill level 5 in Fighting
  7044 | D:7      | Reached skill level 1 in Throwing
  7175 | D:7      | Noticed Pikel
  7269 | D:7      | Found a hide-covered altar of Uskayaw.
  7406 | D:5      | Killed Pikel
  7407 | D:5      | Reached skill level 8 in Maces & Flails
  7523 | D:7      | Found a shadowy altar of Dithmenos.
  7682 | D:7      | Reached XP level 10. HP: 96/96 MP: 9/9
  8023 | D:8      | Noticed Maggie
  8037 | D:8      | Killed Maggie
  8055 | D:8      | Gained mutation: You are partially covered in iridescent
                  | scales. (AC +2) [potion of mutation]
  8055 | D:8      | Gained mutation: You are covered in thick fur. (AC +2)
                  | [potion of mutation]
  8055 | D:8      | Gained mutation: Your spells are a little easier to cast,
                  | but a little less powerful. [potion of mutation]
  8055 | D:8      | Gained mutation: You expend magic power (3 MP) to
                  | strengthen your wands. [potion of mutation]
  8538 | D:8      | Found a sparkling altar of Nemelex Xobeh.
  8758 | D:8      | Found an opulent altar of Gozag.
  8775 | D:8      | Found a shimmering altar of Xom.
  8787 | D:8      | Found a bloodstained altar of Trog.
  8799 | D:8      | Found a basalt altar of Yredelemnul.
  9043 | D:9      | Noticed an orange demon
  9046 | D:8      | Noticed a rust devil
  9110 | D:8      | Reached skill level 1 in Armour
  9254 | D:9      | Reached skill level 9 in Maces & Flails
  9902 | D:10     | Entered Level 10 of the Dungeon
  9906 | D:10     | Noticed a black mamba
  9908 | D:10     | a black mamba changed into a yaktaur
  9917 | D:10     | Reached XP level 11. HP: 90/105 MP: 10/10
 10369 | D:10     | Found a stormy altar of Qazlal.
 10373 | D:10     | Noticed Maurice
 10405 | D:10     | Killed Maurice
 10712 | D:10     | Found a staircase to the Orcish Mines.
 10879 | D:10     | Found a staircase to the Lair.
 11300 | Orc:1    | Entered Level 1 of the Orcish Mines
 11304 | Orc:1    | Noticed an orc sorcerer
 11316 | Orc:1    | Killed an orc sorcerer
 11625 | Orc:2    | Entered Level 2 of the Orcish Mines
 11625 | Orc:2    | Noticed an orc sorcerer
 11625 | Orc:2    | Found a staircase to the Elven Halls.
 11664 | Orc:2    | Paralysed by an orc sorcerer for 3 turns
 11671 | Orc:2    | Killed an orc sorcerer
 11679 | Orc:2    | Reached skill level 10 in Maces & Flails
 11679 | Orc:2    | Found Dekeeg's Antique Weapon Shop.
 11784 | Orc:2    | Noticed a two-headed ogre
 11795 | Orc:2    | Killed a two-headed ogre
 11867 | Orc:2    | HP: 5/107 [orc warrior (3)]
 12053 | Orc:2    | Noticed an ogre mage
 12068 | Orc:2    | Killed an ogre mage
 12155 | Orc:2    | Noticed a two-headed ogre
 12161 | Orc:2    | Killed a two-headed ogre
 12162 | Orc:2    | Reached XP level 12. HP: 97/118 MP: 11/11
 12191 | Orc:2    | Noticed a two-headed ogre
 12192 | Orc:2    | Noticed a two-headed ogre
 12208 | Orc:2    | Noticed a two-headed ogre
 12219 | Orc:1    | Killed a two-headed ogre
 12221 | Orc:1    | HP: 5/118 [two-headed ogre (21)]
 12249 | Orc:1    | Killed a two-headed ogre
 12380 | Orc:1    | Killed a two-headed ogre
 12541 | Orc:2    | Noticed a two-headed ogre
 12628 | Orc:2    | Killed a two-headed ogre
 12850 | Orc:2    | Found Sodadghe's Antique Armour Shop.
 12851 | Orc:2    | Found Doaph's Magic Scroll Emporium.
 12856 | Orc:2    | Found Joanob's Antique Weapon Shoppe.
 12856 | Orc:2    | Noticed a two-headed ogre
 12857 | Orc:2    | Found Noxkisag's General Store.
 12890 | Orc:1    | Killed a two-headed ogre
 12891 | Orc:1    | Reached skill level 11 in Maces & Flails
 12966 | Orc:2    | Noticed an ogre mage
 12984 | Orc:2    | Paralysed by something for 4 turns
 12989 | Orc:2    | Killed an ogre mage
 12990 | Orc:2    | Reached skill level 5 in Armour
 12996 | Orc:2    | Noticed an ogre mage
 13101 | Orc:2    | Paralysed by something for 5 turns
 13111 | Orc:2    | Paralysed by something for 2 turns
 13119 | Orc:2    | Killed an ogre mage
 13198 | Orc:2    | Noticed a two-headed ogre
 13211 | Orc:2    | Killed a two-headed ogre
 13256 | Orc:2    | Bought a potion of might for 48 gold pieces
 13262 | Orc:2    | Bought a scroll of enchant weapon for 97 gold pieces
 13589 | Orc:1    | Found a large runed translucent door.
 13589 | Orc:1    | Found a large runed translucent door.
 13593 | Orc:1    | Noticed Xurishoi's ghost (novice TrFi)
 13598 | Orc:1    | Acquired the +5 kite shield of Foolhardiness {rPois Dex+3}
 13633 | Orc:1    | Killed Xurishoi's ghost
 14490 | Elf:1    | Entered Level 1 of the Elven Halls
 14571 | Orc:2    | Reached XP level 13. HP: 127/127 MP: 12/12
 14635 | Elf:1    | Killed from afar by a deep elf zephyrmancer

Illustrated notes

Levels and vault maps discovered:
D:1:      doesnt_arrival_eight_statues, layout_basic, serial_shops,
          nicolae_shop_trees, serial_aquarium, aquarium_bridge_long_joined
          [aquarium_subvault_bridge, aquarium_subvault_bridge,
          aquarium_subvault_window, aquarium_subvault_bridge,
          aquarium_subvault_wall, aquarium_subvault_wall],
          aquarium_window_corner, aquarium_window_fake, aquarium_window_1,
          aquarium_window_corner, aquarium_view_2a, aquarium_view_4,
          aquarium_balcony_3b, minivault_25, chequers_serial_rivers_micro_a,
          chequers_serial_rivers_room_b
D:2:      layout_basic
D:3:      layout_rooms, mainiacjoe_overflow_surrounded_room,
          ebering_ecumenical_altar_sacrificial, serial_shops, shop,
          minmay_close_crescents
D:4:      layout_basic, enter_ossuary_5, uniq_crazy_yiuf_cottage, uniq_sigmund
D:5:      layout_loops_cross, minmay_temple_entry_slanted, st_stairs_2
D:6:      layout_rooms, gup_sewer_entry_glass, minmay_misc_feat_diagonals,
          nicolae_shop_self_help
D:7:      layout_rooms, mainiacjoe_overflow_24_doors,
          mainiacjoe_overflow_chevrons, kennysheep_minor_cross,
          kennysheep_small_circle, uniq_harold, uniq_pikel
D:8:      layout_loops_ring, nemelex_diamond_rough_becter,
          grunt_temple_overflow_cloverleaf, minivault_25, uniq_maggie
D:9:      layout_rooms
D:10:     layout_cave_pools, nicolae_qazlal_general_emergency, lair_entry_dummy,
          kennysheep_orc_monster_closet_entryway, uniq_maurice
Temple:   nicolae_temple_figure_eight
Orc:1:    layout_caves, ebering_ghost_disaster_area, nicolae_orc_rockfall
Orc:2:    st_orc_open, layout_caves, serial_shops, shop, mines4_lemuel
Elf:1:    eino_elf_arrival_shootout, layout_geoelf_octagon,
          minmay_elf_crystal_hexagon, minmay_misc_feat_pillars

Skill      XL: |  1  2  3  4  5  6  7  8  9 10 11 12 |
---------------+-------------------------------------+-----
Maces & Flails | 2 3 4 5 6 8 9 10 11 | 11.7
Dodging        | 3 4 5 6 7 8 |  8.3
Fighting       | 3 4 5 6 7 |  7.9
Shields        | 3 4 5 7 8 9 |  9.6
Stealth        | 1 2 |  2.1
Throwing       | 1 2 |  2.1
Armour         | 1 4 5 |  5.4

Action                   |  1- 3 |  4- 6 |  7- 9 | 10-12 | 13-15 || total
-------------------------+-------+-------+-------+-------+-------++-------
Melee: Flail             |   121 |   199 |   358 |   923 |    28 ||  1629
Throw: Stone             |       |     2 |     6 |       |       ||     8
       Large rock        |       |       |     8 |     5 |       ||    13
  Use: Potion            |       |     1 |       |     7 |       ||     8
       Scroll            |       |    22 |     8 |    10 |       ||    40
 Stab: Invisible         |       |       |     1 |     2 |       ||     3
Armor: Robe              |    73 |    66 |   186 |     1 |       ||   326
       Swamp dragon scal |       |       |       |   308 |     3 ||   311
Dodge: Dodged            |    82 |    87 |   257 |   327 |     6 ||   759
Block: Kite shield       |    79 |    72 |   282 |   913 |    21 ||  1367
       Reflection        |       |       |       |    23 |       ||    23

Table legend: (Time is in decaauts)
 A = Elapsed time spent in this place.
 B = Non-inter-level travel time spent in this place.
 C = Inter-level travel time spent in this place.
 D = Time resting spent in this place.
 E = Time spent auto-exploring this place.
 F = Levels seen in this place.
 G = Mean time per level.
                   A        B        C        D        E       F      G
               +--------+--------+--------+--------+--------+-----+--------+
         Total |  14994 |  14752 |    242 |   1305 |   4703 |  16 |  937.1 |
       Dungeon |  10182 |  10031 |    151 |    595 |   3956 |  10 | 1018.2 |
        Temple |    316 |    225 |     91 |      0 |    203 |   1 |  316.0 |
  Orcish Mines |   3292 |   3292 |      0 |    605 |    390 |   2 | 1646.0 |
   Elven Halls |     55 |     55 |      0 |      0 |      0 |   1 |   55.0 |
         Sewer |    613 |    613 |      0 |     46 |     27 |   1 |  613.0 |
       Ossuary |    534 |    534 |      0 |     59 |    127 |   1 |  534.0 |
               +--------+--------+--------+--------+--------+-----+--------+

Top non-repeatable levels by time:
   Orc:1: 1661 daAuts
   Orc:2: 1630 daAuts
     D:8: 1389 daAuts
    D:10: 1321 daAuts
     D:1: 1055 daAuts
     D:7: 1041 daAuts
     D:6: 1007 daAuts
     D:4: 971 daAuts
     D:2: 967 daAuts
     D:3: 938 daAuts
     D:5: 802 daAuts
     D:9: 686 daAuts
   Sewer: 613 daAuts
 Ossuary: 534 daAuts
  Temple: 316 daAuts
